 Dungeon Crawl Stone Soup version 0.29-a0-321-gf1c400731a (webtiles) character file.

Game seed: 5804750393239132066

224 jlumianski the Chopper (level 5, -7/41 HPs)
             Began as a Demonspawn Fighter on Apr 4, 2022.
             Killed by divine providence
             ... invoked by an orc priest
              (15 damage)
             ... on level 4 of the Dungeon.
             The game lasted 00:13:45 (3643 turns).

jlumianski the Chopper (Demonspawn Fighter)         Turns: 3643, Time: 00:13:46

Health: -7/41      AC: 10    Str: 18    XL:     5   Next: 67%
Magic:  5/5        EV:  9    Int: 10    God:
Gold:   140        SH:  8    Dex: 12    Spells: 4/4 levels left

rFire   . . .      SeeInvis .   a - +1 war axe
rCold   . . .      Faith    .   c - +0 buckler
rNeg    + . .      Spirit   .   b - +0 scale mail
rPois   .          Reflect  .   s - +0 helmet
rElec   .          Harm     .   k - +0 cloak
rCorr   +          Rampage  .   (no gloves)
Will    .....                   v - +0 pair of boots
Stlth   ..........              (no amulet)
HPRegen 0.13/turn               j - ring of positive energy
MPRegen 0.09/turn               t - ring of resist corrosion

@: mighty
A: powered by pain 1, condensation shield
a: no special abilities


You were on level 4 of the Dungeon.
You visited 1 branch of the dungeon, and saw 4 of its levels.

You collected 166 gold pieces.
You spent 26 gold pieces at shops.

Inventory:

Hand Weapons
 a - a +1 war axe (weapon)
 h - a +2 quarterstaff of chaos
 q - a +2 trident of protection
 r - a +2 dagger of speed
 w - a +0 hunting sling
Missiles
 i - 104 stones
 l - 12 poisoned darts (quivered)
Armour
 b - a +0 scale mail (worn)
 c - a +0 buckler (worn)
 k - a +0 cloak (worn)
 s - a +0 helmet (worn)
 v - a +0 pair of boots (worn)
Jewellery
 j - a ring of positive energy (left hand)
 t - a ring of resist corrosion (right hand)
Wands
 e - a wand of digging (7)
Scrolls
 f - a scroll of amnesia
 p - 2 scrolls of noise
 u - a scroll of vulnerability
Potions
 d - 2 potions of might
 g - a potion of curing
 m - a potion of brilliance
 n - a potion of degeneration
 o - a potion of resistance {unknown}


   Skills:
 + Level 3.6 Fighting
 + Level 3.7 Axes
 + Level 0.3 Throwing
 + Level 3.7 Armour
 + Level 0.6 Dodging
 + Level 3.3 Shields


You had 4 spell levels left.
You didn't know any spells.
Your spell library was empty.

Dungeon Overview and Level Annotations

Branches:
Dungeon (4/15)
 Temple: D:4-7

Altars:
Ashenzari
Dithmenos
Fedhas

Shops:
D:2 [[(*

Annotations:
D:3 Natasha


Innate Abilities, Weirdness & Mutations

You sometimes gain a little power by taking damage.
A meltable shield of frost defends you. (SH +4)


Message History

The hound attacks as you move away! The hound bites you but does no damage.
You block the hound's attack. The hound attacks as you move away!
The hound bites you but does no damage.
The orc priest invokes the aid of Beogh against you.
Pain shoots through your body! The hound closely misses you.
You hear the rusting of a drain nearby.
The hound bites you but does no damage.
The orc priest miscasts a cantrip.
You block the hound's attack. The hound closely misses you.
The hound attacks as you move away! You block the hound's attack.
The hound attacks as you move away! The hound barely misses you.
The orc priest casts a cantrip, but nothing happens.
The hound bites you but does no damage.
You see here a +0 scale mail.
The hound bites you. You block the hound's attack. The hound barely misses you.
The hound attacks as you move away! You block the hound's attack.
The hound attacks as you move away! The hound bites you.
You block the hound's attack.
You hit the hound but do no damage. The hound bites you.
The hound bites you but does no damage.
You hit the hound but do no damage. The hound barely misses you.
You block the hound's attack. The hound attacks as you move away!
The hound barely misses you. The hound bites you but does no damage.
The orc priest casts a cantrip, but nothing happens.
The orc priest mumbles some strange prayers to Beogh against you.
Beogh smites you!
* * * LOW HITPOINT WARNING * * *
You focus on the pain.
You feel very mighty all of a sudden. The hound attacks as you move away!
The hound bites you.
* * * LOW HITPOINT WARNING * * *
The hound bites you but does no damage. The hound attacks as you move away!
The hound bites you but does no damage.
The orc priest mumbles some strange prayers to Beogh against you.
Beogh smites you!
You die...

#.....# #.###'### #########
#.#.....# #.......# #.#..≈..###
#.......# ####.+.≈≈≈.'.#
#.......# #....#..≈..#.#
........# #....#.....#.#
........####...)###+###.#########
.........o....Kh@................
........####.......##############
........# #.......# #
........############ #
...........# # .......[...#######
######## §........K........
........ ≈≈≈≈§≈≈≈§.†######
######## §§.§§§..§o.§....# ...###


You could see a hound, an orc priest and a kobold.

Vanquished Creatures
  Crazy Yiuf (D:2)
  A jelly (D:4)
  3 orc wizards (D:2)
  2 adders
  3 dart slugs
  8 orcs
  A ball python (D:2)
  5 endoplasms
  A giant cockroach (D:1)
  7 goblins
  3 hobgoblins (D:1)
  6 jackals
  4 quokkas
  A bat (D:3)
  A frilled lizard (D:2)
  5 kobolds
  6 rats
58 creatures vanquished.

Notes
Turn   | Place    | Note
-------+----------+-------------------------------------------
     0 | D:1      | jlumianski the Demonspawn Fighter began the quest for the
                  | Orb.
     0 | D:1      | Reached XP level 1. HP: 18/18 MP: 1/1
   336 | D:1      | Gained mutation: A meltable shield of frost defends you.
                  | (SH +4) [demonic ancestry]
   336 | D:1      | Reached XP level 2. HP: 24/24 MP: 2/2
   359 | D:1      | Found a faded altar of an unknown god.
   886 | D:2      | Found Xuomymm's Antique Armour Shoppe.
  1111 | D:2      | Found Maol's Antique Weapon Shop.
  1126 | D:2      | Reached XP level 3. HP: 27/29 MP: 3/3
  1239 | D:3      | Found a broken altar of Ashenzari.
  1417 | D:2      | Found Muup Mea's Antique Armour Shoppe.
  1717 | D:2      | Found Paidunok's General Store.
  1738 | D:2      | Bought a scroll of identify for 26 gold pieces
  1778 | D:2      | Reached XP level 4. HP: 14/35 MP: 4/4
  2305 | D:2      | Found a runed translucent door.
  2306 | D:2      | Noticed Crazy Yiuf
  2530 | D:2      | Killed Crazy Yiuf
  2531 | D:2      | Gained mutation: You sometimes gain a little power by
                  | taking damage. [demonic ancestry]
  2531 | D:2      | Reached XP level 5. HP: 21/41 MP: 5/5
  2867 | D:3      | Noticed Natasha
  3308 | D:3      | Found a blossoming altar of Fedhas.
  3502 | D:4      | Found a shadowy altar of Dithmenos.
  3643 | D:4      | Killed from afar by an orc priest

Illustrated notes

Levels and vault maps discovered:
D:1:      nicolae_arrival_somewhat_less_tricky_arrival, layout_loops_ring,
          ebering_ecumenical_altar_sacrificial
D:2:      layout_loops_ring, serial_shops, nicolae_diamond_shop, shop_statue,
          nicolae_shop_trees, nicolae_shop_crystal, uniq_crazy_yiuf_cottage
D:3:      layout_rooms, nicolae_ashenzari_skybound,
          nicolae_hepliaklqana_hippocampus, mainiacjoe_overflow_small_starburst,
          nicolae_uskayaw_suspiria, nicolae_overflow_squiral, uniq_natasha
D:4:      minmay_skewed_foursquare, layout_basic,
          mainiacjoe_overflow_concentric_impassable, lightli_sewer_entry_pipes,
          kennysheep_generic_room_13

Skill      XL: |  1  2  3  4 |
---------------+-------------+-----
Axes           | 2 3 |  3.7
Shields        | 3 |  3.3
Armour         | 3 |  3.7
Fighting       | |  3.6
Throwing       | |  0.3
Dodging        | |  0.6

Action                   |  1- 3 |  4- 6 || total
-------------------------+-------+-------++-------
Melee: War axe           |    99 |    87 ||   186
Throw: Dart              |     5 |     4 ||     9
  Use: Potion            |     3 |       ||     3
       Scroll            |     3 |     6 ||     9
Armor: Scale mail        |    53 |    34 ||    87
Dodge: Dodged            |    29 |    59 ||    88
Block: Buckler           |    55 |    39 ||    94

Table legend: (Time is in decaauts)
 A = Elapsed time spent in this place.
 B = Non-inter-level travel time spent in this place.
 C = Inter-level travel time spent in this place.
 D = Time resting spent in this place.
 E = Time spent auto-exploring this place.
 F = Levels seen in this place.
 G = Mean time per level.
                   A        B        C        D        E       F      G
               +--------+--------+--------+--------+--------+-----+--------+
         Total |   3732 |   3654 |     78 |    832 |   1802 |   4 |  933.0 |
       Dungeon |   3732 |   3654 |     78 |    832 |   1802 |   4 |  933.0 |
               +--------+--------+--------+--------+--------+-----+--------+

Top non-repeatable levels by time:
     D:2: 1876 daAuts
     D:1: 1100 daAuts
     D:3: 480 daAuts
     D:4: 275 daAuts
